Map: Data-C

Players

A.I. 1 (Easy)

  • Race: Terran Terran
  • Spawn Location: 3:00

Xana - Winner!

  • Race: Zerg Zerg
  • League: Bronze
  • Spawn Location: 9:00

VOD

Have the link to the VOD?

Description

Time

  • Played on: Aug. 16, 2022, 3:14 p.m.
  • Length: 9:43
Show
View Real Time Build Order
Export as new Build Order

A.I. 1 (Easy) Terran 

Build Orders:  

Get SALT Encoding   

  12  0:00  SCV  
  13  0:13  SCV  
  14  0:18  Supply Depot  
  14  0:25  SCV  
  15  0:40  SCV  
  16  0:44  Barracks  
  16  0:46  Refinery  
  16  1:11  Supply Depot  
  16  1:21  Refinery  
  16  1:31  Marine  
  17  1:32  Orbital Command  
  17  1:49  Barracks Tech Lab  
  17  1:58  SCV  
  18  2:07  Marine  
  19  2:10  SCV  
  19  2:12  Supply Depot  
  20  2:22  SCV  
  20  2:24  Marine  
  22  2:35  SCV  
  23  2:43  Marauder  
  25  2:47  SCV  
  26  2:59  SCV  
  26  3:04  Marauder  
  29  5:03  SCV, Reaper  
  29  5:06  Factory  
  31  5:09  Supply Depot  
  31  5:30  SCV  
  31  5:33  Supply Depot  
  31  5:35  Marine  
  33  5:42  SCV  
  34  5:53  Starport, Marine  
  34  6:08  Command Center  
  34  6:11  Marine  
  29  6:28  Marine  
  29  6:31  Starport Tech Lab  
  30  6:46  Marine  
  31  6:48  Raven  
  33  7:05  Marauder  
  35  7:21  SCV  
  36  7:25  SCV  
  36  7:26  Reaper  
  37  7:31  Raven  
  37  7:33  SCV  
  37  7:35  Hellion  
  40  7:38  SCV  
  39  7:45  SCV  
  39  7:50  SCV  
  38  7:57  Hellion  
  38  7:58  SCV  
  39  8:02  SCV  
  39  8:05  Marine  
  37  8:10  SCV  
  37  8:12  Refinery  
  39  8:14  Refinery, SCV  
  40  8:22  SCV  
  40  8:23  Marine  
  40  8:26  SCV  
  43  8:34  SCV  
  43  8:35  Hellion  
  43  8:38  SCV  
  37  8:46  SCV  
  37  8:49  Viking  
  37  8:50  SCV  
  37  8:58  SCV  
  36  9:04  Supply Depot, Hellion  
  28  9:10  SCV  
  29  9:22  SCV  
Show
View Real Time Build Order
Export as new Build Order

Xana Zerg - Winner!

Build Orders: Hatch First 

Get SALT Encoding   

  12  0:00  Drone  
  13  0:12  Overlord  
  13  0:17  Drone  
  14  0:30  Drone  
  14  0:31  Drone  
  16  0:51  Hatchery  
  16  0:52  Drone  
  16  0:59  Drone  
  16  1:00  Drone  
  18  1:13  Extractor  
  18  1:16  Spawning Pool  
  17  1:18  Drone  
  17  1:22  Drone  
  18  1:28  Drone  
  19  1:39  Drone  
  20  1:50  Drone  
  21  2:04  Queen x2  
  21  2:06  Zergling x4  
  27  2:10  Overlord  
  27  2:24  Hatchery  
  27  2:28  Metabolic Boost  
  26  2:32  Drone  
  26  2:35  Drone  
  28  2:38  Drone  
  28  2:41  Drone  
  30  2:49  Overlord  
  30  2:52  Drone x2  
  30  2:55  Drone  
  34  2:58  Drone  
  34  3:04  Drone  
  35  3:07  Drone  
  36  3:17  Overlord x2  
  36  3:20  Queen  
  38  3:28  Roach Warren  
  38  3:29  Drone  
  38  3:30  Drone  
  39  3:40  Drone  
  40  3:42  Drone x4  
  40  3:46  Queen  
  46  3:53  Extractor  
  45  3:56  Evolution Chamber  
  45  3:57  Evolution Chamber  
  45  4:00  Lair  
  45  4:02  Drone x2  
  45  4:04  Drone  
  46  4:14  Drone x3  
  49  4:17  Drone x2  
  49  4:18  Drone x2  
  53  4:27  Overlord  
  53  4:28  Overlord  
  53  4:30  Zerg Missile Weapons Level 1  
  53  4:34  Zerg Ground Armor Level 1  
  53  4:37  Spore Crawler  
  52  4:40  Spore Crawler  
  52  4:43  Spore Crawler, Drone  
  52  4:44  Drone  
  52  4:49  Drone x3  
  52  4:50  Drone  
  56  4:58  Overlord x2  
  56  5:00  Glial Reconstitution  
  56  5:01  Drone  
  56  5:03  Drone  
  56  5:06  Extractor  
  57  5:07  Extractor, Drone  
  57  5:08  Drone  
  57  5:10  Drone x2  
  57  5:12  Drone  
  57  5:14  Drone x2  
  63  5:16  Drone  
  63  5:19  Drone x2  
  63  5:20  Drone  
  67  5:23  Drone  
  68  5:29  Roach x3  
  68  5:30  Roach  
  76  5:41  Roach  
  76  5:42  Roach x6  
  86  5:52  Drone  
  86  5:56  Drone x3  
  90  5:57  Extractor  
  90  5:58  Extractor, Drone x2  
  88  6:17  Overlord x5  
  86  6:21  Drone  
  86  6:22  Drone  
  86  6:23  Drone  
  89  6:25  Drone  
  89  6:29  Zerg Missile Weapons Level 2, Zerg Ground Armor Level 2  
  90  6:34  Infestation Pit  
  90  6:39  Drone x2  
  91  6:41  Roach x4  
  99  6:47  Hydralisk Den  
  99  6:49  Drone  
  99  6:50  Drone  
  99  6:52  Roach x5  
  110  7:06  Overlord x3  
  110  7:07  Overlord  
  110  7:22  Hatchery, Pathogen Glands  
  110  7:29  Baneling Nest  
  106  7:31  Grooved Spines  
  104  7:40  Hydralisk x7  
  110  7:52  Drone x5  
  110  7:53  Drone x5  
  110  7:54  Drone x3  
  110  7:55  Drone x2  
  121  8:09  Hydralisk  
  121  8:10  Roach x2  
  125  8:13  Extractor  
  125  8:14  Extractor  
  125  8:19  Neural Parasite  
  123  8:24  Overlord  
  121  8:47  Hydralisk x2  
  121  8:48  Roach x5, Hydralisk x4  
  135  8:49  Roach x2  
  147  9:22  Roach x4  
  147  9:23  Roach x2  
  169  9:24  Overlord x2  
  169  9:26  Overseer  
Tags
 
League
Bronze
Matchup
TvZ
Spawn Locations
Cross Positions
Add a new tag
Caveats
  • Supply blocks, unpowered buildings, or Contaminate may cause inaccurate times.
  • Supply counts are checked every 10 seconds.